 Dungeon Crawl Stone Soup version 0.24.1-4-ge52af88ad5 (webtiles) character file.

Game seed: 10212747893473675107, levelgen mode: deterministic

72 Peloso the Shield-Bearer (level 4, -3/40 HPs)
             Began as a Minotaur Fighter on Apr 18, 2020.
             Killed by nerve-wracking pain
             ... invoked by Grinder
              (14 damage)
             ... while paralysed by Grinder
             ... on level 3 of the Dungeon.
             The game lasted 00:02:15 (1633 turns).

Peloso the Shield-Bearer (Minotaur Fighter)         Turns: 1633, Time: 00:02:16

Health: -3/40      AC:  7    Str: 21    XL:     4   Next: 6%
Magic:  3/3        EV:  2    Int:  5    God:
Gold:   88         SH:  0    Dex: 16    Spells: 3/3 levels left

rFire    x . .     SeeInvis .   a - +0 long sword
rCold    + . .     Gourm    .   c - +2 large shield
rNeg     . . .     Faith    .   b - +0 scale mail
rPois    .         Spirit   .   (helmet restricted)
rElec    .         Reflect  .   (no cloak)
rCorr    .         Harm     .   (no gloves)
MR       .....                  (no boots)
Stlth    ..........             (no amulet)
HPRegen  0.13/turn              h - ring of ice
MPRegen  0.08/turn              m - +6 ring of dexterity

@: paralysed
A: retaliatory headbutt, horns 2
a: no special abilities


You were on level 3 of the Dungeon.
You were not hungry.

You visited 1 branch of the dungeon, and saw 3 of its levels.

You collected 88 gold pieces.

Inventory:

Hand Weapons
 a - a +0 long sword (weapon)
Armour
 b - a +0 scale mail (worn)
 c - a +2 large shield (worn)
Jewellery
 h - a ring of ice (left hand)
 m - a +6 ring of dexterity (right hand)
Scrolls
 e - a scroll of teleportation {unknown}
 i - a scroll of blinking {unknown}
 j - a scroll of magic mapping {unknown}
 k - a scroll of amnesia {unknown}
 l - 2 scrolls of identify {unknown}
 n - a scroll of random uselessness {unknown}
 p - a scroll of fog {unknown}
 q - a scroll of noise {unknown}
Potions
 d - a potion of might
Comestibles
 f - 3 rations


   Skills:
 + Level 4.2 Fighting
 + Level 3.0 Long Blades
 + Level 4.3 Armour
 + Level 4.6 Shields


You had 3 spell levels left.
You didn't know any spells.
Your spell library was empty.

Dungeon Overview and Level Annotations

Branches:
Dungeon (3/15)

Altars:
Ru

Annotations:
D:3 Grinder


Innate Abilities, Weirdness & Mutations

You reflexively headbutt those who attack you in melee.
You have a pair of horns on your head.


Message History

Grinder is severely wounded.
You block Grinder's attack. Grinder gestures at you.
You resist with significant effort.
You closely miss Grinder.
Grinder is severely wounded.
Grinder gestures at you. Pain shoots through your body!
You hit Grinder but do no damage.
Grinder is severely wounded.
You block Grinder's attack.
Grinder grins, showing sharp teeth.
Grinder gestures at you.
You suddenly lose the ability to move!
Grinder hits you!
You writhe in agony.
Grinder hits you.
You writhe in agony.
* * * LOW HITPOINT WARNING * * *
Grinder gestures at you. Pain shoots through your body!
You die...

....... ..... .....
... # ... . #.# # #5#
# #@# ## #.#
############.
#.##.####............
#.........######.###<
######.#### #.# ##
#.# #.# # #.# #.# #
#.# #.# #.# #.#


You could see Grinder.

Vanquished Creatures
  3 adders
  A worm (D:2)
  2 leopard geckos
  A ball python (D:2)
  5 giant cockroaches
  8 goblins
  3 hobgoblins
  3 kobolds
  A quokka (D:2)
  5 bats
  3 frilled lizards
  2 rats (D:1)
37 creatures vanquished.

Notes
Turn   | Place    | Note
-------+----------+-------------------------------------------
     0 | D:1      | Peloso the Minotaur Fighter began the quest for the Orb.
     0 | D:1      | Reached XP level 1. HP: 19/19 MP: 0/0
   232 | D:1      | Reached XP level 2. HP: 27/27 MP: 1/1
   577 | D:2      | Reached XP level 3. HP: 28/33 MP: 2/2
   752 | D:2      | Found a faded altar of an unknown god.
   804 | D:2      | Found a sacrificial altar of Ru.
  1438 | D:3      | Reached XP level 4. HP: 34/40 MP: 3/3
  1621 | D:3      | Noticed Grinder
  1630 | D:3      | Paralysed by Grinder for 7 turns
  1633 | D:3      | Killed from afar by Grinder

Levels and vault maps discovered:
D:1:      nzn_arrival_crosshair, layout_basic
D:2:      layout_basic, nicolae_ru_awakened_eye,
          chequers_ecumenical_altar_grove, serial_rivers,
          chequers_serial_rivers_small_b, chequers_serial_rivers_micro_e,
          chequers_serial_rivers_room_a, chequers_serial_rivers_micro_c,
          chequers_serial_rivers_marsh, chequers_serial_rivers_marsh
D:3:      layout_loops_ring, uniq_grinder

Skill      XL: |  1  2  3 |
---------------+----------+-----
Fighting       | 4 |  4.2
Shields        | 4 |  4.6
Armour         | 4 |  4.3
Long Blades    | 3 |  3.0

Action                   |  1- 3 |  4- 6 || total
-------------------------+-------+-------++-------
Melee: Long sword        |    76 |    10 ||    86
       Headbutt          |     9 |     4 ||    13
  Use: Potion            |     3 |       ||     3
  Eat: Chunk             |     2 |       ||     2
Armor: Scale mail        |    44 |     1 ||    45
Dodge: Dodged            |    17 |     1 ||    18
Block: Shield            |    36 |       ||    36
       Large shield      |    15 |     6 ||    21
       Rpst.: Long sword |     4 |     1 ||     5
